 Dungeon Crawl Stone Soup version 0.31-a0-233-g139696dc86 (webtiles) character file.

Game seed: 7830740625081980448

70 qw the Shooter (level 4, -3/37 HPs)
             Began as a Minotaur Hexslinger on July 8, 2023.
             Slain by a bullfrog (5 damage)
             ... on level 3 of the Dungeon.
             The game lasted 00:00:35 (1620 turns).

qw the Shooter (Minotaur Hexslinger)                Turns: 1620, Time: 00:00:36

Health: -3/37      AC:  5    Str: 13    XL:     4   Next: 3%
Magic:  4/4        EV: 11    Int: 10    God:
Gold:   181        SH:  5    Dex: 14    Spells: 4/5 levels left

rFire   . . .        Y - +1 sling
rCold   . . .        (no shield)
rNeg    . . .        e - +0 ring mail
rPois   .            (helmet restricted)
rElec   .            (no cloak)
rCorr   .            (no gloves)
SInv    .            (no boots)
Will    .....        i - amulet of reflection
Stlth   +            (no ring)
HPRegen 0.26/turn    (no ring)
MPRegen 0.09/turn

%: reflection
@: about to teleport
A: horns 2, retaliatory headbutt
a: no special abilities


You were on level 3 of the Dungeon.
You visited 1 branch of the dungeon, and saw 3 of its levels.

You collected 181 gold pieces.


Innate Abilities, Weirdness & Mutations

You have a pair of horns on your head.
You reflexively headbutt those who attack you in melee.


   Skills:
 - Level 2.4 Fighting
 + Level 4.1 Ranged Weapons
 - Level 1.2 Armour
 - Level 2.1 Dodging
 - Level 1.0 Spellcasting
 - Level 2.0 Hexes


You had 4 spell levels left.
You knew the following spells:

 Your Spells              Type           Power      Damage    Failure   Level
a - Slow                  Hex            16%        N/A       32%         1

Your spell library contained the following spells:

 Spells                   Type           Power      Damage    Failure   Level
 Inner Flame              Hex/Fire       2%         N/A       82%         3
 Portal Projectile        Hex/Tloc       4%         N/A       82%         3
 Cause Fear               Hex            2%         N/A       97%         4

Inventory:

Hand Weapons
 Y - a +1 sling (weapon)
Armour
 e - a +0 ring mail (worn)
Jewellery
 i - an amulet of reflection (around neck)
Potions
 a - a potion of mutation {unknown}
 f - a potion of degeneration {unknown}
 g - a potion of curing
 h - a potion of invisibility {unknown}

Dungeon Overview and Level Annotations

Branches:
Dungeon (3/15)

Altars:
Dithmenos

Annotations:
D:3 Terence


Message History

You shoot a sling bullet. The sling bullet barely misses Terence.
The sling bullet hits the bullfrog.
The bullfrog is lightly wounded.
You shoot a sling bullet.
The sling bullet closely misses Terence.
You shoot a sling bullet. The sling bullet hits Terence.
Terence is lightly wounded.
You shoot a sling bullet.
The sling bullet hits Terence but does no damage.
Terence is lightly wounded.
Terence bares his teeth.
Terence barely misses you. You furiously retaliate!
You headbutt Terence. You block Terence's attack.
You shoot a sling bullet. The sling bullet barely misses Terence.
The bullfrog hits you but does no damage.
The bullfrog hits you. You block Terence's attack.
You shoot a sling bullet.
The sling bullet hits Terence but does no damage.
Terence is heavily wounded.
The bullfrog barely misses you.
Terence hits you with a +0 falchion of freezing!
Terence freezes you. The bullfrog hits you.
You shoot a sling bullet.
The sling bullet hits Terence but does no damage.
Terence is heavily wounded.
The bullfrog closely misses you.
Terence hits you with a +0 falchion of freezing.
Terence freezes you. The bullfrog hits you.
Terence hits you with a +0 falchion of freezing.
Terence freezes you.
1619 ||| READING scroll of teleportation.
As you read the scroll of teleportation, it crumbles to dust.
You feel strangely unstable. The bullfrog closely misses you.
Terence hits you with a +0 falchion of freezing.
Terence freezes you.
You shoot a sling bullet. The sling bullet hits Terence.
Terence is severely wounded.
You block the bullfrog's attack. The bullfrog hits you.
You die...

#.....#
#.....#####
#.........#
#.....###.#
#...<.#
#)### .
###.###
#.>.# #/.
#.# ###.#
#.... #.#
#.###...#
#.# #..@..#
#.. ###F@##
##. ......
. ..####...
.. #.# #..
#. . #. .


You could see a bullfrog and Terence.

Vanquished Creatures
  An adder (D:2)
  A gnoll (D:1)
  3 worms (D:2)
  A dart slug (D:2)
  6 endoplasms
  4 giant cockroaches
  4 goblins
  2 hobgoblins
  2 jackals (D:1)
  A quokka (D:2)
  7 ball pythons
  2 bats
  2 frilled lizards (D:1)
  3 rats
39 creatures vanquished.

Notes
Turn   | Place    | Note
-------+----------+-------------------------------------------
     0 | D:1      | qw the Minotaur Hexslinger began the quest for the Orb.
     0 | D:1      | Reached XP level 1. HP: 16/16 MP: 1/1
     0 | D:1      | 0 ||| qw: Version: 0.3-a-46-gb1f654a
     0 | D:1      | 0 ||| qw: Game counter: 3395
     0 | D:1      | 0 ||| qw: Melee chars always use a shield: true
     0 | D:1      | 0 ||| qw: God list: Okawaru
     0 | D:1      | 0 ||| qw: Allow faded altars: false
     0 | D:1      | 0 ||| qw: Do Orc after clearing Dungeon:15 true
     0 | D:1      | 0 ||| qw: Do second Lair branch before Depths: true
     0 | D:1      | 0 ||| qw: Lair rune preference: random
     0 | D:1      | 0 ||| qw: Goals: Normal
     0 | D:1      | 0 ||| PLANNING D:1-11
     1 | D:1      | Found a faded altar of an unknown god.
   299 | D:1      | Reached skill level 3 in Ranged Weapons
   303 | D:1      | Reached XP level 2. HP: 23/23 MP: 2/2
   679 | D:1      | Reached XP level 3. HP: 30/30 MP: 3/3
   801 | D:1      | 801 ||| UPGRADING to +0 ring mail.
   811 | D:1      | 811 ||| DROPPING +0 robe.
   812 | D:1      | 812 ||| UPGRADING to amulet of reflection.
   817 | D:1      | 817 ||| DROPPING ring of magical power.
   818 | D:1      | 818 ||| DROPPING ring of flight.
   819 | D:1      | 819 ||| READING scroll labelled WIALUM ZIONIYNEW.
   820 | D:1      | 820 ||| DROPPING scroll of poison.
  1018 | D:2      | 1018 ||| FLEEEEING.
  1019 | D:2      | 1019 ||| FLEEEEING.
  1020 | D:2      | 1020 ||| FLEEEEING.
  1021 | D:2      | 1021 ||| FLEEEEING.
  1022 | D:2      | 1022 ||| FLEEEEING.
  1023 | D:2      | 1023 ||| FLEEEEING.
  1024 | D:2      | 1024 ||| FLEEEEING.
  1025 | D:2      | 1025 ||| FLEEEEING.
  1026 | D:2      | 1026 ||| FLEEEEING.
  1027 | D:2      | 1027 ||| FLEEEEING.
  1028 | D:2      | 1028 ||| FLEEEEING.
  1173 | D:2      | Reached skill level 4 in Ranged Weapons
  1182 | D:2      | Found a shadowy altar of Dithmenos.
  1196 | D:2      | Reached skill level 1 in Armour
  1331 | D:2      | Reached XP level 4. HP: 37/37 MP: 4/4
  1547 | D:2      | 1547 ||| READING scroll labelled XOLESO CERR.
  1548 | D:2      | 1548 ||| READING scroll labelled BIEREL IROXTE.
  1549 | D:2      | 1549 ||| READING 2 scrolls labelled ACROME FOESHRY.
  1553 | D:2      | 1553 ||| DRINKING 2 bubbling purple potions.
  1610 | D:3      | Noticed Terence
  1610 | D:3      | Noticed a bullfrog
  1618 | D:3      | HP: 7/37 [bullfrog (6)]
  1619 | D:3      | 1619 ||| READING scroll of teleportation.
  1619 | D:3      | HP: 2/37 [Terence/+0 falchion of freezing (3)]
  1620 | D:3      | Slain by a bullfrog

Levels and vault maps discovered:
D:1:      dpeg_arrival_tiny_d, layout_loops_corners,
          ebering_ecumenical_altar_abandoned, minmay_misc_feat_secret_circle,
          skrybe_limestone_x, minmay_tetromino_t4
D:2:      layout_loops_ring, basic_altar
D:3:      layout_rooms, gammafunk_temple_overflow_wave,
          mainiacjoe_overflow_small_starburst, hangedman_abyss_or_decor_stabs,
          roderic_batcave, minmay_stone_trees_medium, uniq_jessica, uniq_ijyb,
          uniq_terence

Skill      XL: |  1  2  3 |
---------------+----------+-----
Ranged Weapons | 3 4 |  4.1
Fighting       | 2 |  2.4
Armour         | 1 |  1.2
Dodging        | |  2.1
Spellcasting   | |  1.0
Hexes          | |  2.0

Action                     |  1- 3 |  4- 6 || total
---------------------------+-------+-------++-------
   Fire: Sling             |   111 |    13 ||   124
    Use: Scroll            |     1 |     4 ||     5
         Potion            |       |     1 ||     1
 Armour: Robe              |     4 |       ||     4
         Ring mail         |     6 |     1 ||     7
  Dodge: Dodged            |    17 |     4 ||    21
  Block: Other             |     2 |     3 ||     5

Table legend:
 A = Non-vault XP
 B = Vault XP
 C = Vault XP percentage of total XP
 D = Non-vault monster count
 E = Vault monster count
 F = Vault count percentage of total count
                 A         B        C        D         E       F
            +---------+---------+-------+---------+---------+-------
      Total |      97 |       3 |   3.0 |      37 |       2 |   5.1
            +---------+---------+-------+---------+---------+-------
        D:1 |      39 |       3 |   7.1 |      17 |       2 |  10.5
        D:2 |      57 |       0 |   0.0 |      19 |       0 |   0.0
        D:3 |       1 |       0 |   0.0 |       1 |       0 |   0.0
            +---------+---------+-------+---------+---------+-------
